| TOP OF THE 1ST |
|
Colorado Rockies batting - Pitching for Los Angeles Dodgers : RHP Michael Walsh
|
|
Pitching: RHP Michael Walsh
|
|
|
Batting: SHB Eddie Quinones
|
0-0: Called Strike 0-1: SINGLE (Line Drive, 78M, EV 109.4 MPH)
|
|
Batting: RHB Henry Alvizo
|
0-0: SINGLE (Groundball, 56D, EV 108.8 MPH) Eddie Quinones to second
|
|
Batting: RHB Joel Haycock
|
0-0: Ball 1-0: Ball 2-0: SINGLE (Groundball, 4D, EV 103.1 MPH) Eddie Quinones to third Henry Alvizo to second Runner from 3rd tries for Home, SAFE, throw by CF to home
|
|
Batting: LHB Shawn Morrison
|
0-0: Called Strike 0-1: Foul Ball, location: 2F 0-2: Ball 1-2: Ball 2-2: Ball 3-2: Base on Balls Henry Alvizo to third Joel Haycock to second
|
|
Batting: RHB Jason Andrews
|
0-0: Ball 1-0: Ball 2-0: Swinging Strike 2-1: Swinging Strike 2-2: Foul Ball, location: 2F 2-2: Foul Ball, location: 2F 2-2: Foul Ball, location: 2F 2-2: Fly out, F8 (Flyball, 8LD, EV 104.4 MPH) Runner from 3rd tags up, SCORES, no throw by CF
|
|
Batting: LHB Freddy Troncoso
|
0-0: Called Strike 0-1: Foul Ball, location: 2F 0-2: Strikes out swinging
|
|
Batting: SHB Andy Vivas
|
0-0: Ball 1-0: Ground out U3 (Groundball, 34, EV 105.6 MPH)
|
| Top of the 1st over - 2 runs, 3 hits, 0 errors, 2 left on base; Colorado 2 - Los Angeles 0 |
| BOTTOM OF THE 1ST |
|
Los Angeles Dodgers batting - Pitching for Colorado Rockies : RHP Jaden Mackey
|
|
Pitching: RHP Jaden Mackey
|
|
|
Batting: RHB Clay Buchanan
|
0-0: Ball 1-0: Ball 2-0: Ball 3-0: Base on Balls
|
|
Batting: RHB Tsutomu Irie
|
0-0: Ball 1-0: Bunted foul 1-1: Sac Bunt to 13S - play at first, batter OUT! 1-3 Clay Buchanan to second
|
|
Batting: LHB Lirak Bazhunaishvili
|
0-0: Ball 1-0: Fly out, F2 (Popup, 2RF, EV 82.5 MPH)
|
|
Batting: SHB Shane Marcum
|
0-0: Fly out, F7 (Flyball, 7S, EV 93.8 MPH)
|
| Bottom of the 1st over - 0 runs, 0 hits, 0 errors, 1 left on base; Colorado 2 - Los Angeles 0 |
| TOP OF THE 2ND |
|
Colorado Rockies batting - Pitching for Los Angeles Dodgers : RHP Michael Walsh
|
|
Batting: SHB Jon Munoz
|
0-0: Called Strike 0-1: Called Strike 0-2: Strikes out looking
|
|
Batting: SHB Billy Encinias
|
0-0: DOUBLE (Groundball, 3L, EV 104.4 MPH)
|
|
Batting: SHB Eddie Quinones
|
0-0: Called Strike 0-1: Ball 1-1: Fly out, F8 (Flyball, 8RS, EV 71.9 MPH)
|
|
Batting: RHB Henry Alvizo
|
0-0: Ball 1-0: Ball 2-0: Ground out 5-3 (Groundball, 56, EV 98.8 MPH)
|
| Top of the 2nd over - 0 runs, 1 hit, 0 errors, 1 left on base; Colorado 2 - Los Angeles 0 |
| BOTTOM OF THE 2ND |
|
Los Angeles Dodgers batting - Pitching for Colorado Rockies : RHP Jaden Mackey
|
|
Batting: LHB Juan Concepcion
|
0-0: Ball 1-0: Called Strike 1-1: SOLO HOME RUN (Line Drive, 9D, EV 102.5 MPH), Distance : 377 ft
|
|
Batting: RHB Danny Dyer
|
0-0: Ball 1-0: Foul Ball, location: 2F 1-1: Called Strike 1-2: Ground out 6-3 (Groundball, 6S, EV 83.8 MPH)
|
|
Batting: RHB Tim Nettles
|
0-0: Ball 1-0: Ball 2-0: Ball 3-0: Swinging Strike 3-1: Foul Ball, location: 2F 3-2: Base on Balls
|
|
Batting: RHB Ben Mischnick
|
0-0: Ball 1-0: Ball 2-0: Ball Tim Nettles steals 2nd base (no throw) 3-0: Called Strike 3-1: Fly out, F9 (Flyball, 89S, EV 82.5 MPH)
|
|
Batting: RHB Wing-kit Bu
|
0-0: Called Strike 0-1: Called Strike 0-2: Ball 1-2: Ball 2-2: Fly out, F9 (Line Drive, 89M, EV 91.2 MPH)
|
| Bottom of the 2nd over - 1 run, 1 hit, 0 errors, 1 left on base; Colorado 2 - Los Angeles 1 |
| TOP OF THE 3RD |
|
Colorado Rockies batting - Pitching for Los Angeles Dodgers : RHP Michael Walsh
|
|
Batting: RHB Joel Haycock
|
0-0: Called Strike 0-1: Ball 1-1: Called Strike 1-2: Foul Ball, location: 2F 1-2: Foul Ball, location: 2F 1-2: DOUBLE (Flyball, 89XD, EV 106.2 MPH)
|
|
Batting: LHB Shawn Morrison
|
0-0: Fly out, F9 (Flyball, 89S, EV 95.0 MPH)
|
|
Batting: RHB Jason Andrews
|
0-0: Foul Ball, location: 2F 0-1: Called Strike 0-2: Ground out 6-3 (Groundball, 6, EV 91.9 MPH)
|
|
Batting: LHB Freddy Troncoso
|
0-0: Ball 1-0: Foul Ball, location: 2F 1-1: Ball 2-1: Ball 3-1: Foul Ball, location: 2F 3-2: SINGLE (Groundball, 4M, EV 109.4 MPH) (infield hit) Joel Haycock to third
|
|
Batting: SHB Andy Vivas
|
0-0: Called Strike 0-1: Ball 1-1: Fly out, F8 (Flyball, 8LXD, EV 95.0 MPH)
|
| Top of the 3rd over - 0 runs, 2 hits, 0 errors, 2 left on base; Colorado 2 - Los Angeles 1 |
| BOTTOM OF THE 3RD |
|
Los Angeles Dodgers batting - Pitching for Colorado Rockies : RHP Jaden Mackey
|
|
Batting: RHB Clay Buchanan
|
0-0: Fly out, F9 (Flyball, 89M, EV 85.6 MPH)
|
|
Batting: RHB Tsutomu Irie
|
0-0: Ball 1-0: Called Strike 1-1: Foul Ball, location: 2F 1-2: Ball 2-2: Foul Ball, location: 2F 2-2: Reached via error on a dropped throw from SS, E3 (Groundball, 6, EV 82.5 MPH)
|
|
Batting: LHB Lirak Bazhunaishvili
|
0-0: Foul Ball, location: 2F 0-1: Ball 1-1: Swinging Strike 1-2: Strikes out swinging
|
|
Batting: SHB Shane Marcum
|
0-0: Swinging Strike 0-1: Ball 1-1: Foul Ball, location: 2F 1-2: Ball 2-2: Ball Tsutomu Irie is caught stealing 2nd base 2-6
|
| Bottom of the 3rd over - 0 runs, 0 hits, 1 error, 0 left on base; Colorado 2 - Los Angeles 1 |
| TOP OF THE 4TH |
|
Colorado Rockies batting - Pitching for Los Angeles Dodgers : RHP Michael Walsh
|
|
Batting: SHB Jon Munoz
|
0-0: Called Strike 0-1: Called Strike 0-2: Foul Ball, location: 2F 0-2: Foul Ball, location: 2F 0-2: Foul Ball, location: 2F 0-2: Strikes out looking
|
|
Batting: SHB Billy Encinias
|
0-0: Called Strike 0-1: Foul Ball, location: 2F 0-2: Ball 1-2: Fly out, F2 (Popup, 2LF, EV 91.9 MPH)
|
|
Batting: SHB Eddie Quinones
|
0-0: Ball 1-0: Ball 2-0: Ball 3-0: Base on Balls
|
|
Batting: RHB Henry Alvizo
|
0-0: Foul Ball, location: 2F 0-1: Ball 1-1: SINGLE (Groundball, 56S, EV 68.1 MPH) (infield hit) Eddie Quinones to second
|
|
Batting: RHB Joel Haycock
|
0-0: Ball 1-0: Ball 2-0: Ball 3-0: Base on Balls Eddie Quinones to third Henry Alvizo to second
|
|
Batting: LHB Shawn Morrison
|
0-0: Ball 1-0: Foul Ball, location: 2F 1-1: Foul Ball, location: 2F 1-2: Ball 2-2: Fly out, F8 (Flyball, 8RD, EV 85.6 MPH)
|
| Top of the 4th over - 0 runs, 1 hit, 0 errors, 3 left on base; Colorado 2 - Los Angeles 1 |
| BOTTOM OF THE 4TH |
|
Los Angeles Dodgers batting - Pitching for Colorado Rockies : RHP Jaden Mackey
|
|
Batting: SHB Shane Marcum
|
0-0: Ball 1-0: Fly out, F8 (Flyball, 8LS, EV 82.5 MPH)
|
|
Batting: LHB Juan Concepcion
|
0-0: Ball 1-0: SINGLE (Line Drive, 9S, EV 95.0 MPH)
|
|
Batting: RHB Danny Dyer
|
0-0: Hit by Pitch Juan Concepcion to second
|
|
Batting: RHB Tim Nettles
|
0-0: Called Strike 0-1: Ball 1-1: Foul Ball, location: 2F 1-2: SINGLE (Flyball, 8LS, EV 86.9 MPH) Juan Concepcion to third Danny Dyer to second
|
|
Batting: RHB Ben Mischnick
|
0-0: Ball 1-0: Ball 2-0: Swinging Strike 2-1: Swinging Strike 2-2: DOUBLE (Line Drive, 9LS, EV 90.0 MPH) Juan Concepcion scores Danny Dyer scores Tim Nettles to third Runner from 3rd tries for Home, SAFE, throw by RF to home
|
|
Batting: RHB Wing-kit Bu
|
0-0: Foul Ball, location: 2F 0-1: Ball 1-1: Ball 2-1: Called Strike 2-2: Foul Ball, location: 2F 2-2: Ball 3-2: Foul Ball, location: 2F 3-2: SINGLE (Groundball, P, EV 90.0 MPH) (infield hit) Ben Mischnick to third
|
|
Batting: RHB Clay Buchanan
|
0-0: Ball 1-0: Ball 2-0: Ball 3-0: Base on Balls Wing-kit Bu to second
|
|
Batting: RHB Tsutomu Irie
|
0-0: Foul Ball, location: 2F 0-1: SINGLE (Line Drive, 7S, EV 93.8 MPH) Ben Mischnick scores Wing-kit Bu to third Clay Buchanan to second
|
|
Pitching: LHP Randy Rowland
|
|
|
Batting: LHB Lirak Bazhunaishvili
|
0-0: Swinging Strike 0-1: SINGLE (Flyball, 8RS, EV 91.2 MPH) Wing-kit Bu scores Clay Buchanan to third Tsutomu Irie to second Runner from 3rd tries for Home, SAFE, throw by CF to home
|
|
Batting: SHB Shane Marcum
|
0-0: Called Strike 0-1: Ball 1-1: Ball 2-1: Called Strike 2-2: Ball 3-2: SINGLE (Groundball, 4S, EV 68.8 MPH) (infield hit) Tsutomu Irie to third Lirak Bazhunaishvili to second
|
|
Batting: LHB Juan Concepcion
|
0-0: Ball 1-0: Ball 2-0: Called Strike 2-1: Fly out, F9 (Flyball, 9, EV 83.1 MPH)
|
|
Batting: RHB Danny Dyer
|
0-0: Foul Ball, location: 2F 0-1: Fly out, F9 (Flyball, 89D, EV 96.2 MPH)
|
| Bottom of the 4th over - 6 runs, 7 hits, 0 errors, 3 left on base; Colorado 2 - Los Angeles 7 |
| TOP OF THE 5TH |
|
Colorado Rockies batting - Pitching for Los Angeles Dodgers : RHP Michael Walsh
|
|
Batting: RHB Jason Andrews
|
0-0: Called Strike 0-1: Foul Ball, location: 2F 0-2: Ball 1-2: Foul Ball, location: 2F 1-2: Ball 2-2: Ground out 5-3 (Groundball, 5, EV 96.9 MPH)
|
|
Batting: LHB Freddy Troncoso
|
0-0: Ball 1-0: Called Strike 1-1: Foul Ball, location: 2F 1-2: Foul Ball, location: 2F 1-2: Ball 2-2: Fly out, F8 (Flyball, 8LS, EV 87.5 MPH)
|
|
Batting: SHB Andy Vivas
|
0-0: Ball 1-0: Ball 2-0: Ball 3-0: Called Strike 3-1: Foul Ball, location: 2F 3-2: Foul Ball, location: 2F 3-2: Fly out, F7 (Flyball, 78M, EV 83.1 MPH)
|
| Top of the 5th over - 0 runs, 0 hits, 0 errors, 0 left on base; Colorado 2 - Los Angeles 7 |
| BOTTOM OF THE 5TH |
|
Los Angeles Dodgers batting - Pitching for Colorado Rockies : LHP Randy Rowland
|
|
Batting: RHB Tim Nettles
|
0-0: Swinging Strike 0-1: Called Strike 0-2: SINGLE (Groundball, 6S, EV 71.9 MPH) (infield hit)
|
|
Batting: RHB Ben Mischnick
|
0-0: Ball 1-0: Swinging Strike 1-1: Fly out, F9 (Flyball, 9LM, EV 73.8 MPH)
|
|
Batting: RHB Wing-kit Bu
|
0-0: Ball 1-0: Foul Ball, location: 7LSF, Error on foul ball, E7 1-1: Swinging Strike 1-2: Ball 2-2: Strikes out looking
|
|
Batting: RHB Clay Buchanan
|
0-0: Ball 1-0: Ball 2-0: Foul Ball, location: 2F 2-1: Foul Ball, location: 2F 2-2: Strikes out swinging
|
| Bottom of the 5th over - 0 runs, 1 hit, 1 error, 1 left on base; Colorado 2 - Los Angeles 7 |
| TOP OF THE 6TH |
|
Colorado Rockies batting - Pitching for Los Angeles Dodgers : RHP Michael Walsh
|
|
Pitching: RHP Nate Allen
|
|
|
Batting: SHB Jon Munoz
|
0-0: Ball 1-0: Ball 2-0: Called Strike 2-1: Foul Ball, location: 2F 2-2: Strikes out swinging
|
|
Batting: SHB Billy Encinias
|
0-0: Foul Ball, location: 2F 0-1: Foul Ball, location: 2F 0-2: Fly out, F9 (Line Drive, 9, EV 94.4 MPH)
|
|
Batting: SHB Eddie Quinones
|
0-0: Ball 1-0: Foul Ball, location: 2F 1-1: Foul Ball, location: 2F 1-2: Strikes out swinging
|
| Top of the 6th over - 0 runs, 0 hits, 0 errors, 0 left on base; Colorado 2 - Los Angeles 7 |
| BOTTOM OF THE 6TH |
|
Los Angeles Dodgers batting - Pitching for Colorado Rockies : LHP Randy Rowland
|
|
Batting: RHB Tsutomu Irie
|
0-0: Called Strike 0-1: Ball 1-1: Foul Ball, location: 2F 1-2: Ball 2-2: Foul Ball, location: 2F 2-2: Ball 3-2: Strikes out swinging
|
|
Batting: LHB Lirak Bazhunaishvili
|
0-0: Ball 1-0: Ball 2-0: Ball 3-0: Base on Balls
|
|
Batting: SHB Shane Marcum
|
0-0: Foul Ball, location: 2F 0-1: Ball 1-1: Ball 2-1: Foul Ball, location: 2F 2-2: Ball 3-2: SINGLE (Flyball, 34D, EV 90.0 MPH) Lirak Bazhunaishvili to second
|
|
Pitching: LHP Xu-gang Zhou
|
|
|
Batting: LHB Juan Concepcion
|
0-0: Ball 1-0: Ball 2-0: Ball 3-0: Called Strike 3-1: Base on Balls Lirak Bazhunaishvili to third Shane Marcum to second
|
|
Batting: RHB Danny Dyer
|
0-0: Called Strike 0-1: Ball 1-1: Fly out, F3 (Line Drive, 34, EV 68.8 MPH)
|
|
Batting: RHB Tim Nettles
|
0-0: Swinging Strike 0-1: Ball 1-1: Ball 2-1: Ground out 2-3 (Groundball, 2R, EV 68.8 MPH)
|
| Bottom of the 6th over - 0 runs, 1 hit, 0 errors, 3 left on base; Colorado 2 - Los Angeles 7 |
| TOP OF THE 7TH |
|
Colorado Rockies batting - Pitching for Los Angeles Dodgers : RHP Nate Allen
|
|
Now at 1B: John Piccolo
|
|
|
Batting: RHB Henry Alvizo
|
0-0: Called Strike 0-1: Ball 1-1: Swinging Strike 1-2: Ball 2-2: Ball 3-2: Foul Ball, location: 2F 3-2: Strikes out swinging
|
|
Batting: RHB Joel Haycock
|
0-0: Ball 1-0: Called Strike 1-1: Ball 2-1: Swinging Strike 2-2: Strikes out swinging
|
|
Batting: LHB Shawn Morrison
|
0-0: Ball 1-0: Called Strike 1-1: Ball 2-1: DOUBLE (Line Drive, 9LM, EV 105.0 MPH)
|
|
Batting: RHB Jason Andrews
|
0-0: Swinging Strike 0-1: Swinging Strike 0-2: Ball 1-2: Ball 2-2: Ground out 6-3 (Groundball, P, EV 85.0 MPH)
|
| Top of the 7th over - 0 runs, 1 hit, 0 errors, 1 left on base; Colorado 2 - Los Angeles 7 |
| BOTTOM OF THE 7TH |
|
Los Angeles Dodgers batting - Pitching for Colorado Rockies : LHP Xu-gang Zhou
|
|
Batting: RHB Ben Mischnick
|
0-0: Ball 1-0: Swinging Strike 1-1: Foul Ball, location: 2F 1-2: Ball 2-2: Foul Ball, location: 2F 2-2: Ball 3-2: Strikes out looking
|
|
Batting: RHB Wing-kit Bu
|
0-0: Ball 1-0: Fly out, F8 (Line Drive, 78D, EV 90.6 MPH)
|
|
Batting: RHB Clay Buchanan
|
0-0: Ball 1-0: Called Strike 1-1: Foul Ball, location: 2F 1-2: Ball 2-2: Fly out, F6 (Popup, 56D, EV 48.1 MPH)
|
| Bottom of the 7th over - 0 runs, 0 hits, 0 errors, 0 left on base; Colorado 2 - Los Angeles 7 |
| TOP OF THE 8TH |
|
Colorado Rockies batting - Pitching for Los Angeles Dodgers : RHP Nate Allen
|
|
Batting: LHB Freddy Troncoso
|
0-0: Swinging Strike 0-1: Ball 1-1: Foul Ball, location: 2F 1-2: Strikes out looking
|
|
Batting: SHB Andy Vivas
|
0-0: Ball 1-0: Called Strike 1-1: Fly out, F8 (Flyball, 89XD, EV 100.6 MPH)
|
|
Batting: SHB Jon Munoz
|
0-0: Called Strike 0-1: Foul Ball, location: 2F 0-2: Strikes out swinging
|
| Top of the 8th over - 0 runs, 0 hits, 0 errors, 0 left on base; Colorado 2 - Los Angeles 7 |
| BOTTOM OF THE 8TH |
|
Los Angeles Dodgers batting - Pitching for Colorado Rockies : LHP Xu-gang Zhou
|
|
Batting: RHB Tsutomu Irie
|
0-0: Called Strike 0-1: Ground out 4-3 (Groundball, 4M, EV 81.9 MPH)
|
|
Batting: LHB Lirak Bazhunaishvili
|
0-0: Called Strike 0-1: Ground out 4-3 (Groundball, 4D, EV 92.5 MPH)
|
|
Batting: SHB Shane Marcum
|
0-0: Foul Ball, location: 2F 0-1: Ball 1-1: Ball 2-1: Ball 3-1: DOUBLE (Flyball, 8RXD, EV 106.9 MPH)
|
|
Pitching: RHP Nate Dallman
|
|
|
Batting: LHB Juan Concepcion
|
0-0: Called Strike 0-1: Ball 1-1: Foul Ball, location: 2F 1-2: Ball 2-2: Foul Ball, location: 2F 2-2: Foul Ball, location: 2F 2-2: Ball 3-2: Base on Balls
|
|
Batting: RHB John Piccolo
|
0-0: Ball 1-0: Called Strike 1-1: Swinging Strike 1-2: Ball 2-2: Foul Ball, location: 2F 2-2: Strikes out swinging
|
| Bottom of the 8th over - 0 runs, 1 hit, 0 errors, 2 left on base; Colorado 2 - Los Angeles 7 |
| TOP OF THE 9TH |
|
Colorado Rockies batting - Pitching for Los Angeles Dodgers : RHP Nate Allen
|
|
Pitching: LHP J.P. Blair
|
|
|
Batting: SHB Billy Encinias
|
0-0: Swinging Strike 0-1: Foul Ball, location: 2F 0-2: Strikes out swinging, 2-3 out at first.
|
|
Batting: SHB Eddie Quinones
|
0-0: Foul Ball, location: 2F 0-1: Ball 1-1: Swinging Strike 1-2: Ball 2-2: Strikes out swinging
|
|
Batting: RHB Henry Alvizo
|
0-0: Ball 1-0: Ball 2-0: Called Strike 2-1: Ball 3-1: Base on Balls
|
|
Batting: RHB Joel Haycock
|
0-0: Ball 1-0: Ball 2-0: Ball 3-0: Base on Balls Henry Alvizo to second
|
|
Batting: LHB Shawn Morrison
|
0-0: Ball 1-0: Ball 2-0: Called Strike 2-1: 3-RUN HOME RUN (Flyball, 7D, EV 96.9 MPH), Distance : 364 ft
|
|
Pitching: RHP Bo Chia
|
|
|
Batting: RHB Jason Andrews
|
0-0: Ball 1-0: Ball 2-0: Foul Ball, location: 2F 2-1: Called Strike 2-2: SINGLE (Groundball, 34D, EV 99.4 MPH)
|
|
Batting: LHB Freddy Troncoso
|
0-0: Called Strike 0-1: Called Strike 0-2: Foul Ball, location: 2F 0-2: Ball 1-2: Ground out 4-3 (Groundball, 4, EV 85.0 MPH)
|
| Top of the 9th over - 3 runs, 2 hits, 0 errors, 1 left on base; Colorado 5 - Los Angeles 7 |
|